 Dungeon Crawl Stone Soup version 0.29-a0-330-g52719c12eb (webtiles) character file.

Game seed: 12789905057814241005

19 tilp the Sneak (level 2, 0/25 HPs)
             Began as a Demonspawn Delver on Apr 29, 2022.
             Slain by a kobold
             ... wielding a +0 whip
              (4 damage)
             ... on level 1 of the Dungeon.
             The game lasted 00:01:49 (720 turns).

tilp the Sneak (Demonspawn Delver)                   Turns: 720, Time: 00:01:49

Health: 0/25       AC:  3    Str: 12    XL:     2   Next: 55%
Magic:  2/2        EV: 11    Int: 11    God:
Gold:   73         SH:  0    Dex: 14    Spells: 1/1 levels left

rFire   + . .      SeeInvis .   a - +0 mace
rCold   . . .      Faith    .   (no shield)
rNeg    . . .      Spirit   .   b - +0 leather armour
rPois   .          Reflect  .   (no helmet)
rElec   .          Harm     .   (no cloak)
rCorr   .          Rampage  .   (no gloves)
Will    .....                   (no boots)
Stlth   ++........              (no amulet)
HPRegen 0.08/turn               j - ring of protection from fire
MPRegen 0.08/turn               (no ring)

@: no status effects
A: ignite blood 1
a: no special abilities


You were on level 1 of the Dungeon.
You visited 1 branch of the dungeon, and saw 6 of its levels.

You collected 73 gold pieces.

Inventory:

Hand Weapons
 a - a +0 mace (weapon)
Missiles
 l - 17 stones (quivered)
Armour
 b - a +0 leather armour (worn)
Jewellery
 j - a ring of protection from fire (left hand)
Wands
 g - a wand of digging (3)
Scrolls
 c - a scroll of fog
 d - a scroll of magic mapping
 e - a scroll of fear
 i - a scroll of amnesia {unknown}
 k - a scroll of blinking {unknown}
Potions
 f - a potion of haste
 h - a potion of mutation {unknown}
 m - a potion of might {unknown}


   Skills:
 + Level 3.9 Fighting
 - Level 1.7 Maces & Flails
 - Level 1.7 Dodging
 - Level 4.5 Stealth


You had one spell level left.
You didn't know any spells.
Your spell library contained the following spells:

 Spells                   Type           Power      Damage    Failure   Level
 Tukima's Dance           Hex            0%         N/A       80%         3
 Passage of Golubria      Tloc           0%         N/A       99%         4
 Yara's Violent Unravell  Hex/Tmut       0%         3d3       100%        5


Dungeon Overview and Level Annotations

Branches:
Dungeon (6/15)
 Temple: D:4-7

Altars:
The Shining One


Innate Abilities, Weirdness & Mutations

Your demonic aura sometimes causes spilled blood to erupt in flames.


Message History

The bat hits you. The bat barely misses you.
You hit the bat.
You kill the bat!
The quokka closely misses you. The ball python closely misses you.
The ball python grabs you. The ball python constricts you.
You hit the ball python but do no damage.
The ball python is moderately wounded.
The quokka barely misses you. The ball python barely misses you.
The ball python constricts you.
You barely miss the ball python.
The ball python is moderately wounded.
The quokka bites you but does no damage.
The ball python barely misses you. The ball python constricts you.
The quokka barely misses you. The ball python bites you.
The ball python constricts you.
You hit the ball python.
You kill the ball python!
The quokka bites you. The quokka closely misses you.
You are too injured to fight recklessly!
You are too injured to fight recklessly!
You are too injured to fight recklessly!
Unknown command.
You hit the quokka.
The quokka is heavily wounded.
The quokka bites you but does no damage.
You hit the quokka. Your punch misses the quokka.
The quokka is almost dead.
The quokka completely misses you. The quokka bites you.
* * * LOW HITPOINT WARNING * * *
You hit the quokka but do no damage.
The quokka is almost dead.
The quokka bites you.
* * * LOW HITPOINT WARNING * * *
You closely miss the quokka.
The quokka is almost dead.
The quokka bites you.
* * * LOW HITPOINT WARNING * * *
The kobold hits you with a +0 whip.
You die...

#######...###.# #.......#
#......######. #...#........$
#...#........#
########.K..........#
..#.....#....#........#
#.#.....#...##.........
.......#....r@...##.#.
#..........K##### .=. .
#.......>.#...##.....
#.##...........#....#....≈.
............##........#..≈.
.........................≈....
............#####.....#.# #..
...........######.......# #..
..............##........# #..


You could see a quokka and a kobold.

Vanquished Creatures
  A dart slug (D:3)
  3 bats (D:1)
  An endoplasm (D:1)
  A giant cockroach (D:1)
  A goblin (D:1)
  2 jackals (D:1)
  2 quokkas
  2 ball pythons (D:1)
  A frilled lizard (D:1)
  3 rats (D:1)
17 creatures vanquished.

Notes
Turn   | Place    | Note
-------+----------+-------------------------------------------
     0 | D:5      | tilp the Demonspawn Delver began the quest for the Orb.
     0 | D:5      | Reached XP level 1. HP: 18/18 MP: 1/1
     9 | D:6      | Noticed an orc warrior
     9 | D:6      | Noticed an orc priest
     9 | D:6      | Noticed an orc priest
     9 | D:6      | Noticed an orc warrior
     9 | D:6      | Noticed an orc wizard
    10 | D:6      | Noticed an orc priest
   410 | D:1      | Gained mutation: Your demonic aura sometimes causes spilled
                  | blood to erupt in flames. [demonic ancestry]
   410 | D:1      | Reached XP level 2. HP: 22/24 MP: 2/2
   720 | D:1      | Slain by a kobold

Illustrated notes

Levels and vault maps discovered:
D:1:      dpeg_arrival_arbitrary_c, layout_rooms, corexii_leaking_fountain,
          glass_columns_c, chequers_serial_rivers_micro_a
D:2:      layout_rooms, shapermc_ecumenical_altar_acropolis,
          serial_co_window_serial, co_window_of_opportunity_a,
          co_window_corner_a, co_window_paths_b, co_window_corner_a,
          co_window_corner_a, co_window_broadway_a, co_window_broadway_c,
          co_window_corner_ca, co_window_2corner, co_window_unsneaky_path_a
D:3:      layout_rooms, amcnicky_mini_rare_corridor_liquid
D:4:      minmay_evil_eye, layout_cave_pools, minitemple, kennysheep_cross_room
D:5:      layout_layer_cave, nicolae_hepliaklqana_hippocampus, uniq_duvessa
D:6:      layout_rooms, mainiacjoe_overflow_chevrons

Action                   || total
-------------------------++-------
Melee: Mace              ||    64
 Stab: Sleeping          ||     2
Armor: Leather armour    ||    38
Dodge: Dodged            ||    91

Table legend: (Time is in decaauts)
 A = Elapsed time spent in this place.
 B = Non-inter-level travel time spent in this place.
 C = Inter-level travel time spent in this place.
 D = Time resting spent in this place.
 E = Time spent auto-exploring this place.
 F = Levels seen in this place.
 G = Mean time per level.
                   A        B        C        D        E       F      G
               +--------+--------+--------+--------+--------+-----+--------+
         Total |    738 |    738 |      0 |    231 |    262 |   6 |  123.0 |
       Dungeon |    738 |    738 |      0 |    231 |    262 |   6 |  123.0 |
               +--------+--------+--------+--------+--------+-----+--------+

Top non-repeatable levels by time:
     D:1: 618 daAuts
     D:3: 37 daAuts
     D:4: 37 daAuts
     D:5: 36 daAuts
     D:2: 8 daAuts
     D:6: 1 daAuts
